 Dungeon Crawl Stone Soup version 0.30-a0-847-g17996783a1 (webtiles) character file.

Game seed: 9637780795805372045

3836 sasquatch the Spear-Bearer (level 10, -14/77 HPs)
             Began as a Formicid Fighter on Mar 4, 2023.
             Was an Initiate of Makhleb.
             Hit by a javelin thrown by a centaur (15 damage)
             ... in a bailey.
             The game lasted 00:18:24 (7952 turns).

sasquatch the Spear-Bearer (Formicid Fighter)       Turns: 7952, Time: 00:18:25

Health: -14/77     AC:  7    Str: 24    XL:     10   Next: 40%
Magic:  10/10      EV:  9    Int:  9    God:    Makhleb [......]
Gold:   131        SH:  6    Dex: 13    Spells: 9/9 levels left

rFire   . . .      SeeInvis +    a - +0 trident
rCold   . . .      Faith    .    c - +0 buckler
rNeg    . . .      Spirit   .    b - +1 scale mail
rPois   .          Reflect  .    (helmet unavailable)
rElec   .          Rampage  .    (no cloak)
rCorr   .                        (no gloves)
Will    +....                    (no boots) Stlth
                                 (no amulet)
HPRegen 0.32/turn                (no ring)
MPRegen 0.12/turn                (no ring)

@: no status effects
A: permanent stasis, dig shafts and tunnels, antennae 3, four strong arms,
robust 1, MP-powered wands
a: Dig, Renounce Religion


You were in a bailey.
You worshipped Makhleb.
Makhleb was noncommittal.
You visited 2 branches of the dungeon, and saw 9 of its levels.
You also visited: Bailey.

You collected 263 gold pieces.
You spent 132 gold pieces at shops.

Inventory:

Hand Weapons
 a - a +0 trident (weapon)
 w - the +8 falchion of the Hierophant {freeze, *Corrode Dex+3 SInv Stlth+}
   (You found it on level 3 of the Dungeon)

   Dex:       It affects your dexterity (+3).
   SInv:      It lets you see invisible.
   *Corrode:  It may corrode you when you take damage.
   Stlth:     It makes you more stealthy.
 D - a +0 halberd
 M - a +1 glaive
Missiles
 E - 2 throwing nets
 I - 8 poisoned darts (quivered)
Armour
 b - a +1 scale mail (worn)
 c - a +0 buckler (worn)
 u - a +0 pair of boots
Jewellery
 l - a ring of wizardry
 n - a ring of ice
 o - a ring of fire
 C - a ring of wizardry
 F - an amulet of faith
Wands
 t - a wand of light (1)
 v - a wand of charming (14)
Scrolls
 e - a scroll of enchant armour
 h - 2 scrolls of fog
 k - 4 scrolls of teleportation
 r - a scroll of poison
Potions
 d - 3 potions of might
 f - 4 potions of curing
 g - 2 potions of brilliance
 p - a potion of attraction
 A - 2 potions of degeneration
 B - 2 potions of magic
 K - a potion of flight {unknown}
 O - a potion of resistance {unknown}
 P - a potion of ambrosia {unknown}
 Q - a potion of cancellation {unknown}


   Skills:
 - Level 3.2 Fighting
 * Level 13.4 Polearms
 - Level 3.2 Armour
 - Level 8.0 Shields


You had 9 spell levels left.
You didn't know any spells.
Your spell library contained the following spells:

 Spells                   Type           Power      Damage    Failure   Level
 Cigotuvi's Dreadful Rot  Necr/Pois/Air  0%         N/A       87%         2
 Dispel Undead            Necr           0%         3d6       100%        4
 Death Channel            Necr           0%         N/A       100%        6


Dungeon Overview and Level Annotations

Branches:
Dungeon (8/15)             Temple (1/1) D:7          Bailey (1/1)
   Lair: D:8-11

Altars:
Cheibriados
Dithmenos
Elyvilon
Fedhas
Gozag
Hepliaklqana
Kikubaaqudgha
Makhleb
Nemelex Xobeh
Okawaru
Qazlal
Ru
Sif Muna
Uskayaw
Vehumet
Wu Jian
Xom
Yredelemnul
Zin
The Shining One

Shops:
D:3 !

Annotations:
D:4 2 transporters, DiggyJ's ghost, amateur HOFi


Innate Abilities, Weirdness & Mutations

You cannot be hasted, slowed, berserked, paralysed or teleported.
You can dig through walls and to a lower floor.
You have a pair of large antennae on your head. (SInv)
Your four strong arms can wield two-handed weapons with a shield.
You are robust. (+10% HP)
You expend magic power (3 MP) to strengthen your wands.


Message History

Okay, then.
Okay, then.
It was a potion of mutation.
You feel extremely strange.
You feel your magical essence link to the dungeon's wands.
You feel robust.
An orc comes into view. It is wielding a +0 trident.
It was a potion of haste.
Your stasis prevents you from being hasted.
It was a potion of berserk rage.
Your stasis prevents you from going berserk.
It was a potion of lignification.
You turn into a tree.
Your +1 scale mail melds into your body.
Your roots penetrate the ground.
There are monsters nearby!
Your transformation is almost over.
You feel less wooden.
Your +1 scale mail unmelds from your body.
The centaur throws a javelin.
The javelin pierces through you.
The centaur throws a javelin.
The javelin pierces through you but does no damage.
The centaur throws a javelin.
The javelin pierces through you.
The centaur throws a javelin.
The javelin pierces through you.
The centaur throws a javelin.
The javelin closely misses you.
The centaur throws a javelin.
The javelin pierces through you!
* * * LOW HITPOINT WARNING * * *
The centaur throws a javelin.
The javelin barely misses you.
The centaur throws a javelin.
The javelin closely misses you.
The centaur throws a javelin.
The javelin barely misses you.
The centaur throws a javelin.
The javelin closely misses you.
The centaur throws a javelin.
The javelin barely misses you.
The centaur throws a javelin.
The javelin pierces through you.
* * * LOW HITPOINT WARNING * * *
The centaur throws a javelin.
The javelin pierces through you!
* * * LOW HITPOINT WARNING * * *
The centaur throws a javelin.
The javelin pierces through you.
* * * LOW HITPOINT WARNING * * *
You feel better.
The centaur throws a javelin.
The javelin pierces through you!
* * * LOW HITPOINT WARNING * * *
The centaur throws a javelin.
The javelin pierces through you!
You die...

##≈..≈≈.......≈≈≈.⌠
##≈≈...c≈≈≈≈≈≈≈..≈≈c
##≈≈..o≈≈≈.ooo.≈≈≈.≈≈
#≈≈⌠..≈≈..≈≈≈≈≈..≈≈.≈
#≈≈$.≈≈.≈≈≈...≈≈≈.≈o≈
#≈..o≈.≈≈..⌠.⌠..≈.≈≈.
#≈..c≈.....∩∩∩..≈....
#≈$..≈.≈≈..⌠.⌠..≈.≈≈.
#≈≈$.≈≈.≈≈≈..@≈≈≈.≈.≈
#≈≈⌠..≈≈..≈≈≈≈≈..≈≈.≈
##≈≈...≈≈≈.....≈≈≈.≈≈
##≈≈....≈≈≈≈≈≈≈..≈≈.
##≈..≈≈.......≈≈≈.⌠
#≈...≈≈≈≈≈≈≈≈≈o...
.......o...####
#+##########


You could see 2 centaurs and 7 orcs.

Vanquished Creatures
  Prince Ribbit (D:7)
  A troll (D:5)
  Menkaure (D:7)
  2 water moccasins
  An acid dragon (D:8)
  An orc warrior (D:6)
  2 ice beasts
  A sky beast (D:6)
  3 black bears
  2 centaurs
  5 ogres
  3 bullfrogs
  A gnoll sergeant (D:5)
  4 scorpions
  3 wights (D:7)
  5 hounds
  2 jellies (D:5)
  5 orc priests
  3 iguanas (D:4)
  A sleepcap (D:7)
  Jessica (D:3)
  Terence (D:3)
  A gnoll bouda (D:6)
  6 orc wizards
  10 gnolls
  8 river rats (D:5)
  10 adders
  A shadow imp (D:7)
  A white imp (D:6)
  A worm (D:5)
  3 dart slugs
  22 orcs
  6 endoplasms
  5 giant cockroaches
  17 goblins
  3 hobgoblins
  3 jackals (D:4)
  5 kobolds
  9 quokkas
  5 ball pythons
  5 bats
  2 frilled lizards
  18 rats
  A spectral orc (D:6)
191 creatures vanquished.

Notes
Turn   | Place    | Note
-------+----------+-------------------------------------------
     0 | D:1      | sasquatch the Formicid Fighter began the quest for the Orb.
     0 | D:1      | Reached XP level 1. HP: 18/18 MP: 1/1
   163 | D:1      | Reached XP level 2. HP: 24/24 MP: 2/2
   506 | D:1      | Reached XP level 3. HP: 28/29 MP: 3/3
   542 | D:1      | Reached skill level 3 in Polearms
   820 | D:2      | Reached XP level 4. HP: 32/35 MP: 4/4
  1157 | D:2      | Reached skill level 5 in Shields
  1509 | D:3      | Found a blossoming altar of Fedhas.
  1509 | D:3      | Found a radiant altar of Vehumet.
  1545 | D:3      | Found Agoudoll's Distillery.
  1548 | D:3      | Bought a potion of heal wounds for 55 gold pieces
  1577 | D:3      | Noticed Jessica
  1691 | D:3      | Killed Jessica
  1692 | D:3      | Reached skill level 4 in Polearms
  1692 | D:3      | Reached XP level 5. HP: 11/41 MP: 5/5
  1817 | D:3      | Identified the +8 falchion of the Hierophant {freeze,
                  | *Corrode Dex+3 SInv Stlth+}
  2029 | D:3      | Noticed Terence
  2036 | D:3      | Killed Terence
  2181 | D:4      | Noticed a black bear
  2212 | D:4      | Reached XP level 6. HP: 47/47 MP: 6/6
  2233 | D:4      | Reached skill level 5 in Polearms
  2296 | D:4      | Killed a black bear
  2476 | D:4      | Found a transporter.
  2478 | D:4      | Noticed a black bear
  2560 | D:4      | Noticed an ogre
  2567 | D:4      | Killed an ogre
  2568 | D:4      | Reached skill level 6 in Polearms
  2568 | D:4      | Reached XP level 7. HP: 41/52 MP: 7/7
  2616 | D:4      | You fall into a shaft and drop 3 floors!
  2794 | D:7      | Reached skill level 7 in Polearms
  2794 | D:7      | Reached XP level 8. HP: 48/58 MP: 8/8
  2862 | D:7      | Noticed Prince Ribbit
  2881 | D:7      | Killed Prince Ribbit
  3033 | D:7      | Noticed Menkaure
  3040 | D:7      | Killed Menkaure
  3041 | D:7      | Reached skill level 8 in Polearms
  3367 | D:6      | Found a hazy altar of Hepliaklqana.
  3585 | D:6      | Reached skill level 9 in Polearms
  3626 | D:5      | Entered Level 5 of the Dungeon
  3708 | D:5      | Reached XP level 9. HP: 58/64 MP: 9/9
  3973 | D:4      | Reached skill level 10 in Polearms
  4030 | D:4      | Noticed DiggyJ's ghost (amateur HOFi)
  4054 | D:4      | Found a transporter.
  4735 | D:5      | Reached skill level 11 in Polearms
  5075 | D:5      | Noticed a troll
  5142 | D:3      | Bought a potion of might for 44 gold pieces
  5142 | D:3      | Bought a potion of curing for 33 gold pieces
  5506 | D:5      | Killed a troll
  5720 | D:6      | Found an ancient bone altar of Kikubaaqudgha.
  5775 | D:6      | Reached skill level 12 in Polearms
  5775 | D:6      | Reached XP level 10. HP: 37/70 MP: 10/10
  6626 | D:6      | Found a glowing silver altar of Zin.
  7219 | D:7      | Reached skill level 13 in Polearms
  7324 | D:7      | Found a staircase to the Ecumenical Temple.
  7329 | Temple   | Entered the Ecumenical Temple
  7417 | Temple   | Became a worshipper of Makhleb the Destroyer
  7734 | D:8      | Found a hide-covered altar of Uskayaw.
  7753 | D:8      | HP: 3/70 [acid dragon/splash of acid (30)]
  7767 | D:8      | Found a flagged portal.
  7849 | Bailey   | Entered a bailey
  7863 | Bailey   | Gained mutation: You expend magic power (3 MP) to
                  | strengthen your wands. [potion of mutation]
  7863 | Bailey   | Gained mutation: You are robust. (+10% HP) [potion of
                  | mutation]
  7952 | Bailey   | HP: 1/77 [centaur/javelin (10)]
  7952 | Bailey   | Hit by a javelin thrown by a centaur

Illustrated notes

Levels and vault maps discovered:
D:1:      eino_arrival_tree_alley, layout_basic
D:2:      layout_loops_ring, kennysheep_minor_cross, wad_floor_pattern_2
D:3:      layout_basic, mainiacjoe_overflow_large_starburst, serial_curves,
          eino_curves_03, eino_curves_02, serial_shops,
          nicolae_shop_competitors_out_of_business, uniq_jessica, uniq_terence
D:4:      layout_rooms, gammafunk_ghost_mausoleum
D:5:      lemuel_ratsnest, layout_rooms
D:6:      layout_gridville, nicolae_kikubaaqudgha_miasma_corner,
          kennysheep_mini_moat, nicolae_hepliaklqana_monster_ancestors
D:7:      layout_basic, minmay_temple_entry_butterflies, uniq_prince_ribbit1,
          uniq_menkaure
D:8:      layout_loops_cross, nicolae_uskayaw_dance_hall, enter_bailey_5
Temple:   nicolae_temple_great_sept
Bailey:   bailey_polearm_flooded_kennysheep, bailey

Skill      XL: |  1  2  3  4  5  6  7  8  9 10 |
---------------+-------------------------------+-----
Polearms       | 3 4 6 7 9 12 13 | 13.4
Shields        | 5 6 7 8 |  8.0
Fighting       | |  3.2
Armour         | |  3.2

Action                     |  1- 3 |  4- 6 |  7- 9 | 10-12 || total
---------------------------+-------+-------+-------+-------++-------
  Melee: Trident           |    88 |   156 |   448 |   206 ||   898
  Throw: Throwing net      |       |       |     1 |       ||     1
  Evoke: Wand              |       |     2 |     9 |       ||    11
    Use: Potion            |       |     1 |     1 |     8 ||    10
         Scroll            |       |       |       |    15 ||    15
   Stab: Invisible         |       |       |     4 |       ||     4
 Armour: Scale mail        |    29 |    56 |    78 |    53 ||   216
  Dodge: Dodged            |    43 |    70 |   120 |    78 ||   311
  Block: Buckler           |    24 |    39 |    80 |    36 ||   179

Table legend: (Time is in decaauts)
 A = Elapsed time spent in this place.
 B = Non-inter-level travel time spent in this place.
 C = Inter-level travel time spent in this place.
 D = Time resting spent in this place.
 E = Time spent auto-exploring this place.
 F = Levels seen in this place.
 G = Mean time per level.
                   A        B        C        D        E       F      G
               +--------+--------+--------+--------+--------+-----+--------+
         Total |   7850 |   7397 |    453 |    618 |   4967 |  10 |  785.0 |
       Dungeon |   7648 |   7214 |    434 |    618 |   4904 |   8 |  956.0 |
        Temple |     98 |     79 |     19 |      0 |     63 |   1 |   98.0 |
        Bailey |    102 |    102 |      0 |      0 |      0 |   1 |  102.0 |
               +--------+--------+--------+--------+--------+-----+--------+

Top non-repeatable levels by time:
     D:5: 1603 daAuts
     D:7: 1493 daAuts
     D:6: 1219 daAuts
     D:2: 921 daAuts
     D:4: 835 daAuts
     D:1: 765 daAuts
     D:3: 642 daAuts
     D:8: 167 daAuts
  Bailey: 102 daAuts
  Temple: 98 daAuts
